 Dungeon Crawl Stone Soup version 0.27.1-36-g1b1ada6b1e (webtiles) character file.

Game seed: 11033428975307407134

37 Froggeryz the Cutter (level 3, -1/26 HPs)
             Began as an Octopode Berserker on Jan 24, 2023.
             Was a Believer of Trog.
             Slain by an ogre (16 damage)
             ... on level 2 of the Dungeon.
             The game lasted 00:00:55 (1069 turns).

Froggeryz the Cutter (Octopode Berserker)           Turns: 1069, Time: 00:00:55

Health: -1/26      AC:  1    Str: 16    XL:     3   Next: 39%
Magic:  3/3        EV: 13    Int:  9    God:    Trog [**....]
Gold:   49         SH:  0    Dex: 12    Spells: 2/2 levels left

rFire    . . .     SeeInvis .   a - +0 short sword
rCold    . . .     Faith    .   (no shield)
rNeg     . . .     Spirit   .   (helmet restricted)
rPois    .         Reflect  .   (no amulet)
rElec    .         Harm     .   (no ring)
rCorr    .         Rampage  .   (no ring)
Will     .....                  (no ring)
Stlth    +++.......             (no ring)
HPRegen  0.08/turn              (no ring)
MPRegen  0.08/turn              (no ring)
                                (no ring)
                                (no ring)

@: no status effects
A: almost no armour, amphibious, 8 rings, camouflage 1, gelatinous body 1,
(nimble swimmer 1), tentacles
a: Renounce Religion, Berserk, Trog's Hand


You were on level 2 of the Dungeon.
You worshipped Trog.
Trog was pleased with you.
You visited 1 branch of the dungeon, and saw 2 of its levels.

You collected 49 gold pieces.

Inventory:

Hand Weapons
 a - a +0 short sword (weapon)
Missiles
 c - 7 boomerangs (quivered)
Scrolls
 e - a scroll of fear {unknown}
Potions
 b - a potion of ambrosia {unknown}
 d - a potion of magic {unknown}


   Skills:
 + Level 3.3 Fighting
 * Level 3.7 Short Blades
 - Level 3.0 Dodging
 + Level 1.9 Stealth


You had 2 spell levels left.
You didn't know any spells.
Your spell library was empty.

Dungeon Overview and Level Annotations

Branches:
Dungeon (2/15)

Altars:


Innate Abilities, Weirdness & Mutations

You cannot wear most types of armour.
You are amphibious.
You can wear up to eight rings at the same time.
Your skin changes colour to match your surroundings (Stealth+).
Your rubbery body absorbs attacks. (AC +1, EV +1)
((You are camouflaged near water. (Stealth+)))
You have tentacles for arms and can constrict up to eight enemies at once.


Message History

No target in view!
No target in view!
No target in view!
Found a scroll labelled NICLENL ECIL.
You now have 49 gold pieces (gained 8).
Things that are here:
a +0 short sword; a +0 hunting sling
e - a scroll labelled NICLENL ECIL
Found a stone staircase leading down.
No target in view!
No target in view!
There is a stone staircase leading down here.
A giant cockroach comes into view.
A giant cockroach is nearby!
A giant cockroach is nearby!
A worm and an ogre come into view.
Found 9 gold pieces.
The worm moves out of view.
Found 11 gold pieces.
The helpless ogre fails to defend itself.
You hit the ogre.
The ogre is moderately wounded.
You hit the ogre.
The ogre is moderately wounded.
The ogre hits you with a +0 giant spiked club!
The giant cockroach bites you but does no damage.
You hit the ogre. You squeeze the ogre.
The ogre is heavily wounded.
The giant cockroach bites you. The ogre closely misses you.
You hit the ogre. You squeeze the ogre, but do no damage.
The ogre is severely wounded.
The giant cockroach barely misses you. The ogre barely misses you.
You hit the ogre.
The ogre is almost dead.
The giant cockroach misses you.
You hit the ogre but do no damage.
The ogre is almost dead.
The giant cockroach closely misses you.
The ogre hits you with a +0 giant spiked club!
Ouch! That really hurt!
You die...

#...# .... #...# ...
#######...## #..
###........... ...
#............( #
#w#.#.#...........
#.##.#.#.#####......#
#..O...#.# #.......
#@# #.# #.......
#.####B###.# #.......
#........>.# #.......
$$.####.#####
#....... #.# ##.####.
#.# #. . ..# ###


You could see an ogre, a worm and a giant cockroach.

Vanquished Creatures
  2 worms (D:2)
  4 bats
  3 endoplasms
  2 giant cockroaches
  2 goblins (D:1)
  2 hobgoblins
  3 jackals (D:2)
  4 kobolds
  A quokka (D:1)
  A ball python (D:1)
  A frilled lizard (D:1)
  4 rats
29 creatures vanquished.

Vanquished Creatures (others)
  3 fungi (D:1)
  2 plants (D:1)
5 creatures vanquished.

Grand Total: 34 creatures vanquished

Notes
Turn   | Place    | Note
-------+----------+-------------------------------------------
     0 | D:1      | Froggeryz the Octopode Berserker began the quest for the
                  | Orb.
     0 | D:1      | Reached XP level 1. HP: 16/16 MP: 1/1
   171 | D:1      | Reached skill level 1 in Stealth
   171 | D:1      | Reached XP level 2. HP: 21/21 MP: 2/2
   657 | D:1      | Found a faded altar of an unknown god.
   773 | D:2      | Reached ** piety under Trog
   775 | D:2      | Reached XP level 3. HP: 26/26 MP: 3/3
  1061 | D:2      | Noticed an ogre
  1069 | D:2      | Slain by an ogre

Illustrated notes

Levels and vault maps discovered:
D:1:      psy_arrival_basics, layout_rooms, shapermc_ecumenical_altar_petra
D:2:      layout_loops_cross

Skill      XL: |  1 |
---------------+----+-----
Stealth        | 1 |  1.9
Fighting       | |  3.3
Short Blades   | |  3.7
Dodging        | |  3.0

Action                   || total
-------------------------++-------
Melee: Short sword       ||    64
       Constrict         ||    16
       Tentacles         ||    21
 Stab: Sleeping          ||     8
Armor: Skin              ||     7
Dodge: Dodged            ||    30
